stopchoke, neutral female scurrid Tourist ..d /%@. B.R. ..- stopchoke the Rambler Experience level: 1 Strength: 10 Dexterity: 13 Constitution: 13 Intelligence: 15 Wisdom: 10 Charisma: 15 Health: 0(9) Energy: 2(2) Def: 3 Gold: 291 Moves: 497 Dungeon seed: TZUeqRdY-LKaHMax Game ID: stopchoke_1498722950 Your Inventory: Coins $ - 291 gold pieces Weapons a - 47 uncursed +2 darts (in quiver) Armor e - an uncursed +0 Hawaiian shirt (being worn) q - an uncursed +0 ring mail (being worn) Comestibles b - an uncursed egg c - 4 uncursed food rations f - an uncursed orange g - an uncursed tripe ration h - an uncursed chestnut i - an uncursed fortune cookie Scrolls k - 4 uncursed scrolls of magic mapping Potions j - an uncursed potion of extra healing Wands n - an uncursed wand of secret door detection (0:13) p - an uncursed wand of striking (0:5) Tools l - an uncursed expensive camera (0:80) m - an uncursed credit card o - an uncursed tin opener Spells and supernatural/magical abilities: Name Level Category Fail Memory W - pray for help -- divine ? -- Your skills at the end: Miscellaneous Skills wands [Basic] Weapon Skills dart [Basic] Spellcasting Skills Final Attributes: You were devoutly aligned. You had infravision. You were stealthy. You are dead. Vanquished creatures: a shocking sphere a vampire bat a brown pudding a werewolf an acid blob 6 giant rats a garter snake 3 newts a bat a lichen 4 humans 21 creatures vanquished. Voluntary challenges: You went without food. You did not adorn yourself with jewelry or accessories. You did not cause conflict. You were not invisible. You did not have reflection. You were not displaced. You never hit with a wielded weapon. You were a pacifist. You did not use containers. You did not apply a unicorn horn. You did not use plumbed fixtures. You were illiterate. You never genocided any monsters. You never polymorphed an object. You never changed form. You used no wishes. You never split a pudding. You never wrote Elbereth's name. You never violated your personal moral code. Dungeon overview: The Dungeons of Doom: levels 1 to 31 Level 1 a long staircase Level 2 Level 3 Level 4 Level 5 Level 6 Level 7 Level 8 Level 9 Level 10 a fountain Level 11 Level 12 Level 13 Level 14 Level 15 Level 16 Level 17 Level 18 Level 19 Level 20 Level 21 Level 22 Level 23 Level 24 Level 25 Level 26 Level 27 Level 28 Level 29 Level 30 Level 31 a sink, some benchs Gehennom: Level 32 <- You were here History has recorded: On T:1 you entered the Dungeons of Doom to retrieve the Amulet of Yendor! On T:7 you reached level 2 of The Dungeons of Doom. On T:10 you reached level 3 of The Dungeons of Doom. On T:14 you reached level 4 of The Dungeons of Doom. On T:16 you reached level 5 of The Dungeons of Doom. On T:19 you reached level 6 of The Dungeons of Doom. On T:28 you reached level 7 of The Dungeons of Doom. On T:31 you reached level 8 of The Dungeons of Doom. On T:33 you reached level 9 of The Dungeons of Doom. On T:35 you reached level 10 of The Dungeons of Doom. On T:37 you reached level 11 of The Dungeons of Doom. On T:40 you reached level 12 of The Dungeons of Doom. On T:42 you reached level 13 of The Dungeons of Doom. On T:44 you reached level 14 of The Dungeons of Doom. On T:46 you reached level 15 of The Dungeons of Doom. On T:49 you reached level 16 of The Dungeons of Doom. On T:51 you reached level 17 of The Dungeons of Doom. On T:53 you reached level 18 of The Dungeons of Doom. On T:53 you entered the Rogue tribute level. On T:55 you reached level 19 of The Dungeons of Doom. On T:59 you reached level 20 of The Dungeons of Doom. On T:61 you reached level 21 of The Dungeons of Doom. On T:64 you reached level 22 of The Dungeons of Doom. On T:66 you reached level 23 of The Dungeons of Doom. On T:68 you reached level 24 of The Dungeons of Doom. On T:76 you reached level 25 of The Dungeons of Doom. On T:86 you reached level 26 of The Dungeons of Doom. On T:90 you reached level 27 of The Dungeons of Doom. On T:93 you reached level 28 of The Dungeons of Doom. On T:95 you reached level 29 of The Dungeons of Doom. On T:97 you reached level 30 of The Dungeons of Doom. On T:100 you reached The Castle. On T:484 you prayed to The Lady. On T:496 you reached The Valley of the Dead. Score breakdown: Gold: 79 ( 7 points) Experience: 1 level ( 0 points) Exploration: 32 levels ( 930 points) Discoveries: 1 item ( 50 points) Variety of kills: 11 monsters ( 550 points) Major goal: (nothing yet) ( 0 points) Survival: died (score multiplied by 3) Total score: 4611 Latest messages: The flaming sphere is blinded by the flash! The flaming sphere turns to flee! The dart hits it. The dart misses it. a - an uncursed +2 dart (in quiver). The xan is blinded by the flash! The mind flayer concentrates. A wave of psychic energy washes around you. A gush of water hits your right arm! The xan bumps right into you! A trap door opens up under you! You arrive at the Valley of the Dead... The odor of burnt flesh and decay pervades the air. You hear groans and moans everywhere. The disenchanter claws you! You die... Final status: Aloha stopchoke the Tourist, killed by a disenchanter... You died in Gehennom on dungeon level 32 with 4611 points, and 291 pieces of gold, after 497 moves. You were level 1 with a maximum of 9 hit points when you died.